 Dungeon Crawl Stone Soup version 0.24.0-123-gd5b16e6ec5 (webtiles) character file.

Game seed: 11845038169331752556, levelgen mode: deterministic

17 vurker the Gusty (level 2, 0/16 HPs)
             Began as a Tengu Air Elementalist on Jan 28, 2020.
             Slain by a leopard gecko (1 damage)
             ... on level 1 of the Dungeon.
             The game lasted 00:01:00 (535 turns).

vurker the Gusty (Tengu Air Elementalist)            Turns: 535, Time: 00:01:02

Health: 0/16       AC:  2    Str:  8    XL:     2   Next: 62%
Magic:  0/6        EV: 12    Int: 15    God:
Gold:   26         SH:  0    Dex: 14    Spells: 4/5 levels left

rFire    . . .     SeeInvis .   d - +0 dagger
rCold    . . .     Gourm    .   (no shield)
rNeg     . . .     Faith    .   a - +0 robe
rPois    .         Spirit   .   (helmet restricted)
rElec    .         Reflect  .   (no cloak)
rCorr    .         Harm     .   (no gloves)
MR       .....                  (boots unavailable)
Stlth    ++........             (no amulet)
HPRegen  0.05/turn              (no ring)
MPRegen  0.10/turn              (no ring)

@: no status effects
A: beak, talons 3
a: no special abilities


You were on level 1 of the Dungeon.
You were not hungry.

You visited 1 branch of the dungeon, and saw 1 of its levels.

You collected 26 gold pieces.

Inventory:

Hand Weapons
 d - a +0 dagger (weapon)
   (You took it off a kobold on level 1 of the Dungeon)
Armour
 a - a +0 robe (worn)
Scrolls
 b - a scroll of teleportation {unknown}
 g - a scroll of random uselessness {unknown}
Potions
 f - a potion of curing {unknown}
Comestibles
 c - 3 chunks of flesh
 e - 2 rations


   Skills:
 + Level 0.4 Fighting
 - Level 2.1 Dodging
 - Level 2.0 Stealth
 * Level 2.3 Spellcasting
 * Level 2.0 Conjurations
 * Level 4.3 Air Magic


You had 4 spell levels left.
You knew the following spells:

 Your Spells              Type           Power        Failure   Level  Hunger
a - Shock                 Conj/Air       ##..         6%          1    #......

Your spell library contained the following spells:

 Spells                   Type           Power        Failure   Level  Hunger
 Swiftness                Chrm/Air       #.......     13%         2    ###....
 Static Discharge         Conj/Air       ##......     17%         3    ###....
 Airstrike                Air            ##........   34%         4    #####..
 Lightning Bolt           Conj/Air       ##........   85%         5    ######.


Dungeon Overview and Level Annotations

Branches:
Dungeon (1/15)

Altars:


Innate Abilities, Weirdness & Mutations

You have a beak for a mouth.
You have claws for feet.


Message History

The zap misses the hobgoblin.
Aim: a hobgoblin, wielding a +0 club The zap hits the hobgoblin.
Aim: a hobgoblin, wielding a +0 club (severely wounded)
The zap hits the hobgoblin.
You kill the hobgoblin!
A goblin comes into view. It is wielding a +0 club.
A goblin is nearby!
Aim: a goblin, wielding a +0 club (hasn't noticed you)
The zap hits the goblin.
The goblin shouts!
You don't have enough magic to cast that spell.
Found 10 stones and a whip.
A dart slug comes into view.
A leopard gecko comes into view.
The leopard gecko hisses angrily.
The goblin misses you.
You barely miss the goblin.
A bat comes into view.
The goblin closely misses you.
You closely miss the goblin. You claw the goblin.
You kill the goblin!
The leopard gecko misses you.
Found an escape hatch in the floor.
Things that are here:
a +0 club; a goblin corpse You hit the bat.
You peck the bat, but do no damage. The bat hits you but does no damage.
The leopard gecko bites you.
You closely miss the bat. The bat hits you but does no damage.
The leopard gecko bites you. x2
You miss the leopard gecko. You claw the leopard gecko.
The leopard gecko misses you. The bat barely misses you.
You hit the bat.
You kill the bat!
The leopard gecko bites you but does no damage.
You barely miss the leopard gecko. Your peck misses the leopard gecko.
The leopard gecko barely misses you. The dart slug closely misses you.
You hit the leopard gecko. Your kick misses the leopard gecko.
The leopard gecko bites you.
* * * LOW HITPOINT WARNING * * *
You hit the dart slug. You claw the dart slug.
The leopard gecko completely misses you.
The dart slug closely misses you. The leopard gecko bites you.
* * * LOW HITPOINT WARNING * * *
Aim: a dart slug (moderately wounded)
The zap hits the dart slug.
The dart slug bites you.
* * * LOW HITPOINT WARNING * * *
The leopard gecko barely misses you.
Aim: a dart slug (heavily wounded)
The zap hits the dart slug.
The leopard gecko bites you.
You die...

.....# .....# ..)...
#.#..# ......
..##.#############..(...
#.........#.............
........................
##...#.##...............
#.....#......)..w......
##....##.##.....@l.....>
........................
..รท...#.................
.........##........#####
........###.......##
......### #.......#
......# #......## ......#
######## #######


You could see a dart slug and a leopard gecko.

Vanquished Creatures
  4 bats (D:1)
  A goblin (D:1)
  A hobgoblin (D:1)
  2 jackals (D:1)
  5 frilled lizards (D:1)
  2 kobolds (D:1)
  2 rats (D:1)
17 creatures vanquished.

Notes
Turn   | Place    | Note
-------+----------+-------------------------------------------
     0 | D:1      | vurker the Tengu Air Elementalist began the quest for the
                  | Orb.
     0 | D:1      | Reached XP level 1. HP: 10/10 MP: 4/4
   244 | D:1      | Reached XP level 2. HP: 15/15 MP: 4/6
   535 | D:1      | Slain by a leopard gecko

Levels and vault maps discovered:
D:1:      mrwooster_arrival_statue_2, layout_rooms, kennysheep_small_spiral

Skill      XL: |  1  2 |
---------------+-------+-----
Conjurations   | 2 |  2.0
Fighting       | |  0.4
Dodging        | |  2.1
Stealth        | |  2.0
Spellcasting   | |  2.3
Air Magic      | |  4.3

Action                   || total
-------------------------++-------
Melee: Unarmed           ||    13
       Peck              ||     4
       Dagger            ||     9
       Kick              ||     3
 Cast: Shock             ||    26
Armor: Robe              ||    11
Dodge: Dodged            ||    20
